Map: Glittering Ashes LE

Players

Maplez - Winner!

  • Race: Protoss Protoss
  • League: Grandmaster
  • Spawn Location: 1:00

Kozan

  • Race: Terran Terran
  • League: Grandmaster
  • Spawn Location: 7:00

VOD

Have the link to the VOD?

Description

Time

  • Played on: May 9, 2022, 10:20 p.m.
  • Length: 14:36
Show
View Real Time Build Order
Export as new Build Order

Maplez Protoss - Winner!

Build Orders: 1 Gate Expand, Blink Stalkers, Colossus Rush 

Get SALT Encoding   

  12  0:00  Probe  
  13  0:12  Probe  
  14  0:17  Pylon  
  14  0:24  Probe (Chrono Boost)  
  15  0:36  Probe (Chrono Boost), Gateway  
  16  0:43  Probe (Chrono Boost)  
  16  0:45  Assimilator  
  17  0:51  Probe  
  18  1:03  Probe  
  19  1:15  Probe  
  20  1:25  Cybernetics Core  
  20  1:33  Nexus  
  20  1:38  Pylon  
  20  1:42  Probe  
  20  1:46  Assimilator  
  21  1:54  Probe  
  21  1:59  Adept (Chrono Boost)  
  22  2:02  Warp Gate  
  22  2:06  Probe  
  25  2:12  Shield Battery  
  25  2:18  Probe  
  26  2:24  Stalker (Chrono Boost)  
  28  2:30  Probe  
  29  2:42  Probe  
  29  2:43  Twilight Council  
  30  2:50  Stalker  
  32  2:51  Probe (Chrono Boost)  
  34  3:00  Probe (Chrono Boost)  
  34  3:03  Probe (Chrono Boost)  
  35  3:08  Probe x2 (Chrono Boost)  
  37  3:16  Blink (Chrono Boost)  
  37  3:18  Probe  
  37  3:19  Probe, Gateway  
  39  3:30  Probe  
  39  3:31  Probe  
  39  3:36  Robotics Facility  
  39  3:42  Probe  
  39  3:43  Probe  
  41  3:51  Stalker, Pylon  
  41  3:54  Probe  
  41  3:55  Probe  
  45  4:04  Nexus  
  45  4:06  Probe  
  45  4:09  Probe  
  47  4:17  Assimilator  
  47  4:18  Probe, Assimilator  
  47  4:20  Stalker  
  47  4:22  Probe  
  51  4:26  Pylon  
  51  4:27  Observer  
  53  4:32  Stalker  
  54  4:44  Probe  
  54  4:45  Probe  
  56  4:47  Forge, Robotics Bay, Pylon  
  56  4:50  Observer  
  57  4:57  Probe x2, Stalker  
  61  5:04  Pylon  
  61  5:07  Stalker  
  61  5:09  Probe x2  
  61  5:12  Observer  
  65  5:18  Probe  
  65  5:20  Protoss Ground Weapons Level 1  
  65  5:21  Probe x2  
  68  5:26  Stalker  
  68  5:28  Charge  
  70  5:30  Probe  
  70  5:33  Probe x2  
  73  5:36  Colossus (Chrono Boost)  
  73  5:42  Probe  
  79  5:43  Extended Thermal Lance  
  79  5:45  Probe x2  
  79  5:54  Probe, Shield Battery  
  80  5:57  Probe  
  80  5:59  Gateway  
  80  6:01  Gateway, Sentry  
  80  6:02  Zealot  
  85  6:09  Gateway  
  85  6:12  Probe, Gateway  
  85  6:13  Probe  
  85  6:17  Gateway  
  87  6:19  Pylon  
  87  6:23  Probe  
  87  6:24  Sentry  
  90  6:27  Colossus (Chrono Boost)  
  90  6:31  Shield Battery  
  92  6:33  Pylon  
  92  6:35  Observer  
  92  6:42  Zealot  
  92  6:43  Probe  
  92  6:46  Pylon  
  92  6:47  Pylon  
  95  6:49  Shield Battery  
  95  6:50  Pylon  
  95  6:52  Zealot  
  97  7:01  Stalker x2  
  97  7:02  Pylon  
  97  7:07  Gateway, Nexus  
  101  7:10  Assimilator x2  
  100  7:16  Colossus  
  100  7:21  Zealot x4  
  100  7:22  Zealot  
  112  7:45  Zealot  
  112  7:46  Zealot x4  
  109  7:57  Probe  
  106  7:59  Zealot x2  
  106  8:01  Probe x2  
  106  8:05  Templar Archives  
  112  8:07  Forge  
  112  8:09  Probe  
  112  8:10  Nexus, Pylon  
  109  8:13  Probe  
  109  8:16  Probe  
  110  8:22  Warp Prism (Chrono Boost)  
  110  8:23  Zealot x2  
  110  8:24  Zealot  
  118  8:28  Probe  
  119  8:35  Shield Battery  
  119  8:37  Observer  
  119  8:38  Stalker x3  
  125  8:46  Probe (Chrono Boost)  
  128  8:51  Probe x2 (Chrono Boost)  
  128  8:53  Protoss Ground Armor Level 1 (Chrono Boost)  
  129  8:56  Probe (Chrono Boost)  
  129  8:59  Probe x2 (Chrono Boost)  
  129  9:01  Probe (Chrono Boost)  
  131  9:04  Protoss Ground Weapons Level 2 (Chrono Boost)  
  131  9:09  Pylon  
  133  9:10  Probe, Pylon  
  131  9:19  Zealot x2  
  131  9:25  Zealot  
  131  9:26  Zealot x4  
  131  9:29  Probe  
  128  9:50  High Templar x4  
  128  9:51  Probe  
  128  9:52  High Templar x4  
  145  9:53  Probe x2  
  145  9:54  Probe  
  148  10:02  Archon x2  
  148  10:03  Photon Cannon x2, Probe, Archon x2  
  148  10:05  Probe, Shield Battery  
  148  10:06  Probe x2  
  152  10:13  Dark Shrine, Gateway x2  
  152  10:16  Probe  
  152  10:18  Probe  
  154  10:31  Nexus  
  154  10:34  Zealot x5  
  157  10:46  Robotics Facility  
  157  10:50  Pylon  
  153  10:58  Disruptor (Chrono Boost)  
  127  11:16  Probe  
  114  11:22  Probe  
  109  11:26  Zealot x2  
  109  11:27  Zealot x8  
  109  11:28  Observer  
  113  11:38  Photon Cannon  
  113  11:39  Disruptor  
  105  11:40  Photon Cannon, Disruptor  
  109  12:05  Dark Templar x4  
  109  12:06  Dark Templar  
  118  12:22  Nexus  
  118  12:29  High Templar x2  
  122  12:30  High Templar x2  
  120  12:44  Dark Templar x2  
  124  12:54  Archon x2  
  124  12:55  Zealot x2  
  116  13:14  Zealot x3  
  116  13:25  Probe  
  105  13:59  High Templar x4  
  111  14:03  Zealot x4  
  111  14:04  Archon x2  
  111  14:05  High Templar x2  
  122  14:10  Archon  
Show
View Real Time Build Order
Export as new Build Order

Kozan Terran 

Build Orders: Reaper Expand 

Get SALT Encoding   

  12  0:00  SCV  
  13  0:12  SCV  
  14  0:17  Supply Depot  
  14  0:25  SCV  
  15  0:38  SCV  
  15  0:40  Barracks  
  16  0:43  Refinery  
  16  0:50  SCV  
  17  1:03  SCV  
  18  1:15  SCV  
  19  1:28  Reaper, Orbital Command  
  20  1:42  Command Center  
  20  1:50  Supply Depot  
  20  1:56  SCV  
  21  2:03  Marine  
  21  2:07  Bunker  
  22  2:09  SCV  
  23  2:16  Factory  
  23  2:21  SCV  
  24  2:24  Barracks Reactor  
  24  2:29  Refinery  
  24  2:35  SCV  
  24  2:44  Barracks  
  24  2:50  SCV  
  25  2:56  Orbital Command  
  25  3:00  Factory Tech Lab  
  25  3:01  Marine  
  25  3:02  Marine  
  25  3:05  SCV  
  28  3:09  Barracks  
  28  3:17  SCV  
  28  3:19  Marine x2  
  29  3:28  SCV  
  29  3:29  SCV  
  29  3:30  Cyclone  
  34  3:36  Barracks Tech Lab  
  34  3:40  SCV  
  34  3:41  Marine x2  
  36  3:45  SCV  
  38  3:48  Supply Depot  
  38  3:52  SCV  
  39  3:57  SCV  
  39  3:59  Stimpack  
  40  4:06  SCV  
  40  4:08  Marine x2  
  40  4:09  SCV  
  44  4:15  Marauder  
  44  4:16  Combat Shield  
  46  4:19  Supply Depot  
  46  4:20  SCV  
  46  4:21  SCV  
  48  4:26  Marauder  
  50  4:32  SCV, Starport  
  50  4:34  Factory Reactor  
  50  4:35  SCV  
  52  4:38  Refinery  
  52  4:42  Supply Depot  
  52  4:44  SCV  
  53  4:47  SCV  
  53  4:49  Marine x2, Marauder  
  60  4:53  Marauder  
  60  4:56  Refinery  
  60  4:57  SCV  
  60  4:59  SCV  
  62  5:04  Supply Depot  
  62  5:09  SCV  
  62  5:11  SCV  
  62  5:13  Engineering Bay  
  64  5:16  Marauder x2  
  68  5:21  SCV  
  68  5:24  SCV  
  68  5:25  Medivac x2  
  68  5:28  Supply Depot  
  74  5:30  Marine  
  74  5:32  Marine  
  76  5:38  Marauder  
  76  5:40  Factory Reactor  
  78  5:43  SCV x2  
  78  5:50  Marine x2, Marauder  
  78  5:51  Concussive Shells  
  78  5:53  Supply Depot  
  78  5:55  SCV x2  
  78  5:57  Terran Infantry Weapons Level 1  
  84  5:59  Marauder  
  86  6:09  Supply Depot  
  86  6:11  Medivac  
  86  6:14  Medivac  
  87  6:19  Marine x2  
  87  6:20  Marauder  
  87  6:23  SCV  
  87  6:24  Supply Depot  
  91  6:35  Widow Mine x2, Marauder  
  97  6:44  Marine  
  98  6:47  Marine  
  98  6:48  Marauder, Medivac x2  
  98  6:50  Supply Depot x2  
  105  6:56  Marine  
  106  7:05  Command Center  
  106  7:11  Marine x2  
  106  7:12  Marauder  
  106  7:14  Marine  
  106  7:15  Widow Mine  
  113  7:28  Medivac  
  113  7:29  Marine x2, Widow Mine, Medivac  
  121  7:32  Marauder  
  121  7:33  Marauder  
  111  7:46  Marine  
  111  7:49  Marine  
  111  7:51  Widow Mine  
  110  7:54  Marine, Marauder  
  110  8:00  Terran Infantry Armor Level 1  
  110  8:01  Supply Depot, Barracks x2  
  110  8:12  Marauder  
  103  8:13  Marine x2  
  103  8:15  Marauder  
  103  8:16  Widow Mine x2, Medivac x2  
  103  8:17  SCV  
  111  8:22  Orbital Command  
  111  8:24  SCV  
  110  8:33  Marine  
  110  8:34  Marauder  
  113  8:36  Marauder  
  113  8:39  Marine  
  113  8:40  SCV x2  
  118  8:43  Ghost Academy  
  118  8:46  Supply Depot, Medivac  
  120  8:51  Marine  
  120  8:54  Barracks Tech Lab  
  120  8:55  Barracks Reactor, Marauder  
  123  9:00  Marine  
  123  9:01  Marauder, Medivac, Widow Mine x2  
  132  9:03  SCV x2  
  132  9:04  Refinery, SCV  
  132  9:05  Refinery  
  132  9:08  Marine  
  132  9:09  Supply Depot  
  136  9:15  SCV  
  135  9:28  Marine  
  135  9:29  Marine, Marauder x2  
  129  9:44  Marine x2  
  129  9:45  Marauder  
  123  9:46  Marine  
  123  9:47  Viking  
  123  9:48  Widow Mine x2, Viking  
  123  9:50  Engineering Bay, Enhanced Shockwaves  
  123  9:51  Marauder x2  
  123  9:52  SCV x3, Armory  
  137  10:05  SCV  
  137  10:06  SCV x2  
  140  10:09  Missile Turret  
  140  10:12  Command Center  
  140  10:15  Marine, Marauder  
  140  10:18  SCV  
  144  10:21  Ghost x2  
  144  10:23  Viking  
  147  10:33  Marine  
  147  10:34  Marine x2  
  144  10:36  Ghost  
  144  10:42  SCV  
  144  10:44  Marine  
  136  10:51  Marine, Marauder x2  
  102  11:05  Marauder  
  104  11:11  Ghost x2  
  99  11:22  Marine x2  
  92  11:27  Marauder  
  80  11:41  Marauder  
  82  11:52  SCV, Orbital Command  
  83  12:13  Marine  
  76  12:34  Missile Turret  
  66  12:51  Marine  
  61  13:05  Marine x2  
  41  13:39  Marine  
  42  13:41  SCV  
  42  13:48  SCV  
  42  14:03  SCV  
  42  14:09  SCV  
  43  14:11  Marine  
  43  14:15  SCV  
  44  14:17  Marine  
  44  14:18  Marine x2  
Tags
 
Add a new tag
Caveats
  • Supply blocks, unpowered buildings, or Contaminate may cause inaccurate times.
  • Supply counts are checked every 10 seconds.